 Dungeon Crawl Stone Soup version 0.23-a0-639-ga9a3373 (webtiles) character file.

91256 Firecrotchwizard the Warrior (level 16, -1/151 HPs)
             Began as a Ghoul Fighter on Dec 29, 2018.
             Was the Champion of Makhleb.
             Slain by an ogre
             ... wielding a +0 giant club
              (15 damage)
             ... on level 1 of the Orcish Mines on Dec 30, 2018.
             The game lasted 01:00:13 (25404 turns).

Firecrotchwizard the Warrior (Ghoul Fighter)       Turns: 25404, Time: 01:00:13

Health: -1/151     AC: 25    Str: 22    XL:     16   Next: 2%
Magic:  24/24      EV:  6    Int:  8    God:    Makhleb [******]
Gold:   1693       SH: 15    Dex:  8    Spells: 15/15 levels left

rFire    + . .     SeeInvis +     - Unarmed
rCold    + . .     Gourm    .   b - +2 shield
rNeg     + + +     Faith    +   n - +4 plate armour
rPois    ∞         Spirit   .   o - +2 helmet
rElec    .         Reflect  .   I - +2 cloak
rCorr    .         Harm     .   T - +2 pair of gloves
MR       +....                  (no boots)
Stlth    ..........             w - amulet of faith {Faith, !P}
HPRegen  0.00/turn              S - ring of protection from fire {rF+, !d}
MPRegen  0.19/turn              V - ring of see invisible {sInv, !d}

@: rotting
A: rotting body, claws 1, carnivore, cold resistance 1, negative energy
resistance 3, inhibited regeneration, torment resistance, unbreathing
a: Minor Destruction, Lesser Servant of Makhleb, Major Destruction, Greater
Servant of Makhleb, Renounce Religion


You were on level 1 of the Orcish Mines.
You worshipped Makhleb.
Makhleb was exalted by your worship.
You were not hungry.

You visited 4 branches of the dungeon, and saw 23 of its levels.
You also visited: Bailey.

You collected 1693 gold pieces.

Inventory:

Missiles
 r - 3 throwing nets {=f, !d}
Armour
 b - a +2 shield (worn)
 n - a +4 plate armour (worn)
   (You took it off an orc warrior on level 11 of the Dungeon)
 o - a +2 helmet (worn)
   (You found it on level 1 of the Dungeon)
 I - a +2 cloak (worn)
   (You found it on level 12 of the Dungeon)
 T - a +2 pair of gloves (worn)
   (You found it on level 4 of the Lair of Beasts)
Jewellery
 a - an uncursed ring of ice {rC+, rF-}
   (You took it off Fannar on level 3 of the Lair of Beasts)
 w - an amulet of faith (around neck) {Faith, !P}
   (You found it on level 4 of the Dungeon)
 A - an uncursed ring of fire {rF+, rC-}
   (You found it on level 8 of the Dungeon)
 F - an uncursed ring of protection from fire {rF+, !d}
   (You took it off Nergalle on level 4 of the Lair of Beasts)
 S - a ring of protection from fire (left hand) {rF+, !d}
   (You found it on level 4 of the Lair of Beasts)
 V - a ring of see invisible (right hand) {sInv, !d}
   (You found it on level 14 of the Dungeon)
 W - the ring of the Mage {Wiz MR++ Int+3}
   (You found it in a bailey)

   [ring of wizardry]

   It improves your spell success rate.
   It affects your intelligence (+3).
   It affects your resistance to hostile enchantments.
Wands
 h - a wand of digging (10)
   (You found it on level 10 of the Dungeon)
 l - a wand of flame (53)
   (You found it on level 10 of the Dungeon)
 t - a wand of acid (13)
   (You found it on level 4 of the Dungeon)
 u - a wand of polymorph (13)
   (You found it on level 4 of the Dungeon)
 v - a wand of disintegration (5)
   (You found it on level 6 of the Lair of Beasts)
 x - a wand of paralysis (10)
   (You found it on level 2 of the Lair of Beasts)
 B - a wand of iceblast (7)
   (You found it on level 5 of the Dungeon)
 D - a wand of random effects (14)
   (You found it on level 7 of the Dungeon)
Scrolls
 f - a scroll of noise {!r}
 j - 10 scrolls of teleportation
 k - 11 scrolls of remove curse
 m - 5 scrolls of identify
 p - 4 scrolls of amnesia
 s - 2 scrolls of enchant armour
 y - 2 scrolls of fear
 N - 3 scrolls of enchant weapon
 U - a scroll of blinking {!r}
 X - 2 scrolls of acquirement {unknown}
Potions
 c - 4 potions of might
 e - 8 potions of curing
 i - 2 potions of berserk rage {!q}
 q - a potion of cancellation {unknown}
 z - a potion of degeneration {unknown}
 C - 5 potions of brilliance
 E - 7 potions of heal wounds
 G - 3 potions of agility {unknown}
 H - a potion of resistance {unknown}
 J - a potion of ambrosia {unknown}
 K - 2 potions of invisibility
 L - a potion of haste
 M - 3 potions of flight
 O - a potion of experience {unknown}
 P - 2 potions of mutation {unknown}
 Q - 2 potions of lignification {unknown}
Miscellaneous
 Y - a box of beasts
Comestibles
 d - 35 rations


   Skills:
 + Level 16.0 Fighting
 + Level 4.3 Armour
 - Level 15.0 Shields
 * Level 12.8 Unarmed Combat
 - Level 13.0 Invocations


You had 15 spell levels left.
You didn't know any spells.
Your spell library contained the following spells:

 Spells                   Type           Power        Failure   Level  Hunger
 Animate Skeleton         Necr           N/A          100%        1    ##.....
 Apportation              Tloc           #.....       100%        1    ##.....
 Confusing Touch          Hex            #.....       100%        1    ##.....
 Corona                   Hex            #......      100%        1    ##.....
 Flame Tongue             Conj/Fire      #....        100%        1    ##.....
 Sandblast                Erth           #.....       100%        1    ##.....
 Shock                    Conj/Air       #...         100%        1    ##.....
 Summon Small Mammal      Summ           #...         100%        1    ##.....
 Corpse Rot               Necr           N/A          100%        2    ###....
 Passwall                 Tmut/Erth      #.......     100%        2    ###....
 Slow                     Hex            #.......     100%        2    ###....
 Swiftness                Chrm/Air       #.......     100%        2    ###....
 Throw Flame              Conj/Fire      #.....       100%        2    ###....
 Conjure Flame            Conj/Fire      #.......     100%        3    ####...
 Inner Flame              Hex/Fire       #.......     100%        3    ####...
 Portal Projectile        Hex/Tloc       #.....       100%        3    ####...
 Static Discharge         Conj/Air       #.......     100%        3    ####...
 Stone Arrow              Conj/Erth      #.....       100%        3    ####...
 Airstrike                Air            #.........   100%        4    #####..
 Cause Fear               Hex            #.........   100%        4    #####..
 Leda's Liquefaction      Hex/Erth       #.........   100%        4    #####..
 Petrify                  Tmut/Erth      #.......     100%        4    #####..
 Sticky Flame             Conj/Fire      #.......     100%        4    #####..
 Agony                    Necr           #.......     100%        5    ######.
 Bolt of Draining         Conj/Necr      #.........   100%        5    ######.
 Dispel Undead            Necr           #.......     100%        5    ######.
 Excruciating Wounds      Chrm/Necr      #.........   100%        5    ######.
 Fireball                 Conj/Fire      #.........   100%        5    ######.
 Lee's Rapid Deconstruct  Erth           #.........   100%        5    ######.
 Lightning Bolt           Conj/Air       #.........   100%        5    ######.
 Sublimation of Blood     Necr           Unusable     N/A         2    N/A

Dungeon Overview and Level Annotations

Branches:
Dungeon (14/15)            Temple (1/1) D:6            Lair (6/6) D:11
  Swamp (0/4) Lair:2       Spider (0/4) Lair:3        Slime (0/5) Lair:6
    Orc (2/2) D:12            Elf (0/3) Orc:2        Vaults (0/5) D:13

Altars:
Dithmenos
Fedhas
Gozag
Hepliaklqana
Kikubaaqudgha
Makhleb
Nemelex Xobeh
Okawaru
Qazlal
Ru
Sif Muna
Trog
Wu Jian
Xom
Yredelemnul
Zin
Beogh

Shops:
D:11 }   Orc:2 *!*

Annotations:
D:14 2 transporters
Lair:1 1 runed door, SkeletonJelly's ghost, novice TrMo
Orc:2 Erolcha; Rupert


Innate Abilities, Weirdness & Mutations

Your body is rotting away.
You thrive on raw meat.
You are immune to poison.
You have sharp fingernails.
You are carnivorous and can eat meat at any time.
Your flesh is cold resistant. (rC+)
You are immune to negative energy. (rN+++)
You do not regenerate when monsters are visible.
You are immune to unholy pain and torment.
You can survive without breathing.


Message History

You pummel the two-headed ogre!!
You kill the two-headed ogre!
Makhleb accepts your kill.
Your Fighting skill increases to level 16!
You block the orc's attack. You block the ogre's attack.
The orc barely misses you. You block the ogre's attack.
You closely miss the two-headed ogre.
Rupert the Wild comes into view.
He is wielding a +2 great mace of crushing.
The ogre barely misses you. The orc hits you but does no damage. x2
The two-headed ogre hits you but does no damage.
The two-headed ogre hits you with a +0 giant club!!
You take 18 damage, and have 94/151 hp.
You are too injured to fight recklessly!
You are too injured to fight recklessly!
You are too injured to fight recklessly!
Eat one of 4 chunks of flesh {@w0}? (ye/n/q)
You eat one of the 4 chunks of flesh {@w0}.
This raw flesh tastes great!
The orc hits you but does no damage.
You block the ogre's attack. x2; The orc hits you but does no damage.
The orc closely misses you. You block the ogre's attack.
You block the two-headed ogre's attack.
The two-headed ogre hits you but does no damage.
You regained 13 hp, and now have 107/151 hp.
Eat one of 3 chunks of flesh {@w0}? (ye/n/q)
You eat one of the 3 chunks of flesh {@w0}.
This raw flesh tastes great!
The orc hits you but does no damage. You block the orc's attack.
The ogre barely misses you. The ogre hits you with a +0 giant club!
You take 2 damage, and have 105/151 hp.
Eat one of 2 chunks of flesh {@w0}? (ye/n/q)
You eat one of the 2 chunks of flesh {@w0}.
This raw flesh tastes great!
The ogre closely misses you.
The two-headed ogre hits you with a +0 giant club!!
You block the two-headed ogre's attack. You block the orc's attack.
The orc hits you but does no damage. The ogre hits you but does no damage.
Eat a chunk of flesh {@w0}? (ye/n/q)
You eat the chunk of flesh {@w0}.
This raw flesh tastes great!
The ogre hits you but does no damage. You block the ogre's attack.
You block the orc's attack.
The two-headed ogre completely misses you.
The two-headed ogre hits you with a +0 giant club!
The troll bites you! The troll barely misses you. You block the troll's attack.
You block the orc's attack.
You take 16 damage, and have 89/151 hp.
Okay, then.
The ogre mage shouts!
You hear two shouts! x2
You block the ogre's attack. The ogre closely misses you.
The troll bites you but does no damage. You block the troll's attack.
The troll claws you but does no damage. The orc hits you but does no damage.
You block the ogre's attack.
The two-headed ogre closely misses you. x2
You climb upwards.
There is a stone staircase leading down, spattered with blood here.
Things that are here:
a +0 troll leather armour {regen}; a troll skeleton Unknown command.
You closely miss the troll. You block the orc's attack.
The ogre hits you but does no damage. The orc hits you but does no damage.
The troll bites you but does no damage. The troll claws you but does no damage.
You block the troll's attack. The ogre hits you but does no damage.
You pummel the troll!! The ogre hits you with a +0 giant club.
You block the two-headed ogre's attack. x2
The orc hits you but does no damage.
You take 2 damage, and have 87/151 hp.
Your plate armour prevents you from hitting the troll.
The orc hits you but does no damage. The troll bites you but does no damage.
You block the troll's attack. x2; The ogre hits you with a +0 giant club.
The ogre hits you with a +0 giant club!
You take 16 damage, and have 71/151 hp.
You punch the troll! You block the ogre's attack.
The orc hits you but does no damage.
The two-headed ogre hits you but does no damage.
The two-headed ogre closely misses you. You block the orc's attack.
The troll bites you but does no damage. The troll claws you.
You block the troll's attack. The ogre closely misses you.
You take 4 damage, and have 67/151 hp.
You hit the troll.
You kill the troll!
Makhleb accepts your kill.
You feel better. The ogre hits you with a +0 giant club!
The orc hits you but does no damage. The ogre barely misses you.
You block the orc's attack. You block the two-headed ogre's attack.
The two-headed ogre hits you but does no damage.
You take 4 damage, and have 63/151 hp.
You barely miss the two-headed ogre.
The ogre hits you with a +0 giant club!!
* * * LOW HITPOINT WARNING * * *
The ogre hits you with a +0 giant club!
* * * LOW HITPOINT WARNING * * *
You block the orc's attack.
You take 30 damage, and have 33/151 hp.
You pummel the two-headed ogre!! You block the orc's attack.
The ogre hits you with a +0 giant club!
* * * LOW HITPOINT WARNING * * *
The two-headed ogre barely misses you.
The two-headed ogre hits you with a +0 giant club!
* * * LOW HITPOINT WARNING * * *
You take 19 damage, and have 14/151 hp.
You punch the two-headed ogre! You block the orc's attack.
The ogre hits you but does no damage. The ogre hits you with a +0 giant club!
You die...

....####.#.........#
.....##..<........##
###.####.........##
####......#..)..#
#......#.#.#...#####
##........##....#..#
#.#......#.#......##
#####.......OoO####
##.....)..@O.#
#....^.[(oO###
###....[[.##
##........#
#........###
##.........##
##.#.........###
##..............##
#.......#........###


You could see a two-headed ogre, 3 ogres and 2 orcs.

Vanquished Creatures
  Kirke (Lair:3)
  An orc warlord (Bailey)
  An entropy weaver (Lair:5)
  Nessos (D:13)
  Harold (D:8)
  Fannar (Lair:3)
  An ice dragon (D:13)
  3 hydras
  A vault guard (D:13)
  A merfolk avatar (Lair:6)
  A death knight (D:13)
  3 tengu warriors (D:14)
  8 death yaks
  A centaur warrior (D:14)
  Erica (Orc:1)
  7 two-headed ogres
  Urug (Lair:4)
  The ghost of Rohain the Destroyer, a novice DrCj of Vehumet (D:11)
  Nergalle (Lair:4)
  Sonja (Lair:5)
  A skeletal warrior (D:13)
  A sea snake (D:10)
  A deep troll (Orc:1)
  An unseen horror (D:14)
  A necromancer (Lair:5)
  3 orc knights (Bailey)
  2 harpies (Lair:6)
  3 deep elf magi
  A manticore (D:11)
  3 ugly things
  16 elephants (Lair:6)
  A torpor snail (Lair:3)
  3 black mambas
  2 centaur zombies
  2 gargoyles
  7 spiny frogs
  2 centaur skeletons (D:10)
  2 kobold demonologists
  3 komodo dragons
  2 efreet
  7 rime drakes
  A tyrant leech (Lair:2)
  10 trolls
  A troll (shapeshifter) (D:13)
  3 hornets
  3 wind drakes (Lair:6)
  6 polar bears
  A raiju (shapeshifter) (D:13)
  4 dream sheep (Lair:6)
  13 blink frogs
  12 hippogriffs
  6 wyverns
  59 yaks
  A human (D:9)
  2 wraiths (D:12)
  A vampire (D:13)
  3 basilisks
  8 hogs
  2 vampire mosquitoes (D:13)
  3 hungry ghosts
  2 swamp worms (Lair:2)
  2 wargs
  2 acid dragons (D:13)
  3 water moccasins
  20 soldier ants
  9 porcupines
  2 ice beasts
  8 sky beasts
  29 orc warriors
  2 black bears
  3 elephant zombies (Lair:5)
  9 necrophages
  2 phantoms
  5 centaurs
  8 wolves (Lair:3)
  16 ogres
  15 crocodiles
  4 big kobolds
  10 bullfrogs
  3 wyvern zombies
  A wyvern skeleton (D:12)
  5 scorpions
  13 killer bees
  10 wights
  9 electric eels
  3 howler monkeys
  6 crimson imps
  2 bullfrog zombies (D:11)
  A quasit (D:12)
  A wyvern simulacrum (D:12)
  A basilisk zombie (Lair:5)
  A gnoll shaman (D:5)
  11 orc priests
  3 bullfrog skeletons
  7 hounds
  16 orc wizards
  Jessica (D:3)
  5 iguanas
  Terence (D:3)
  26 worker ants
  A killer bee zombie (D:9)
  A crocodile zombie (Lair:5)
  A hound skeleton (D:5)
  2 mummies (D:11)
  3 worker ant zombies
  16 gnolls
  14 adders
  3 shadow imps
  2 ufetubi (D:12)
  2 oozes
  2 adder skeletons
  3 worms
  A dart slug (D:3)
  4 leopard geckos
  94 orcs
  A ball python (D:4)
  8 giant cockroaches
  24 goblins
  14 hobgoblins
  20 jackals
  26 kobolds
  5 quokkas
  7 bats
  A frilled lizard (D:2)
  A jackal zombie (D:6)
  A leopard gecko skeleton (D:8)
  2 leopard gecko zombies (D:7)
  A quokka skeleton (D:4)
  A quokka zombie (D:10)
  10 rats
  A bush (D:9)
  2 plants (D:9)
791 creatures vanquished.

Vanquished Creatures (collateral kills)
  An entropy weaver (Lair:5)
  A two-headed ogre (Orc:2)
  6 death yaks
  A queen ant (Lair:5)
  2 trolls (Orc:2)
  A blink frog (Lair:5)
  2 soldier ants (Lair:5)
  A wolf (Lair:3)
  A bullfrog (Lair:3)
  An orc priest (Orc:2)
  An orc wizard (Orc:2)
  An orc (Orc:2)
19 creatures vanquished.

Vanquished Creatures (others)
  A hippogriff (D:13)
  A human (Lair:4)
  2 bushes
  64 fungi
  34 plants
102 creatures vanquished.

Grand Total: 912 creatures vanquished

Notes
Turn   | Place    | Note
-------+----------+-------------------------------------------
     0 | D:1      | Firecrotchwizard the Ghoul Fighter began the quest for the
                  | Orb.
     0 | D:1      | Reached XP level 1. HP: 19/19 MP: 0/0
   377 | D:1      | Reached XP level 2. HP: 23/26 MP: 1/1
   444 | D:1      | Reached skill level 3 in Unarmed Combat
   719 | D:2      | Reached XP level 3. HP: 30/33 MP: 2/2
   855 | D:2      | Reached skill level 4 in Fighting
   855 | D:2      | Reached skill level 4 in Unarmed Combat
   855 | D:2      | Reached XP level 4. HP: 28/39 MP: 3/3
   945 | D:2      | Found a basalt altar of Yredelemnul.
  1030 | D:2      | Noticed a centaur
  1042 | D:2      | HP: 7/40 [centaur (5)]
  1043 | D:2      | Killed a centaur
  1043 | D:2      | Reached skill level 5 in Unarmed Combat
  1043 | D:2      | Reached XP level 5. HP: 9/47 MP: 4/4
  1478 | D:2      | Found a faded altar of an unknown god.
  1733 | D:3      | Reached XP level 6. HP: 43/55 MP: 5/5
  1828 | D:3      | Noticed Terence
  1868 | D:3      | Killed Terence
  1868 | D:3      | Reached skill level 5 in Fighting
  1977 | D:3      | Reached skill level 6 in Unarmed Combat
  1996 | D:3      | Noticed Jessica
  2002 | D:3      | Killed Jessica
  2202 | D:3      | You fall through a shaft for 3 floors!
  2239 | D:5      | Entered Level 5 of the Dungeon
  2400 | D:4      | HP: 13/56 [orc/+0 flail (2)]
  2410 | D:4      | HP: 11/56 [orc (4)]
  2605 | D:4      | Noticed a sky beast
  2611 | D:4      | Killed a sky beast
  2611 | D:4      | Reached XP level 7. HP: 61/61 MP: 6/6
  2653 | D:4      | Reached skill level 7 in Unarmed Combat
  2840 | D:4      | Reached skill level 6 in Fighting
  2867 | D:4      | You fall through a shaft for 2 floors!
  3793 | D:4      | Reached skill level 8 in Unarmed Combat
  4192 | D:5      | Reached XP level 8. HP: 69/71 MP: 7/7
  4816 | D:6      | Reached skill level 9 in Unarmed Combat
  4874 | D:6      | Reached skill level 7 in Fighting
  5255 | D:6      | Found a staircase to the Ecumenical Temple.
  5259 | Temple   | Entered the Ecumenical Temple
  5278 | Temple   | Became a worshipper of Makhleb the Destroyer
  5439 | D:6      | Reached skill level 10 in Unarmed Combat
  5460 | D:6      | Reached XP level 9. HP: 77/81 MP: 8/8
  5786 | D:7      | Reached skill level 8 in Fighting
  6131 | D:7      | Reached * piety under Makhleb
  6410 | D:8      | Noticed Harold
  6781 | D:8      | Found an iron altar of Okawaru.
  6790 | D:8      | Killed Harold
  6790 | D:8      | Reached skill level 9 in Fighting
  6790 | D:8      | Reached skill level 11 in Unarmed Combat
  7428 | D:9      | Noticed a hornet
  7433 | D:9      | Killed a hornet
  7433 | D:9      | Reached skill level 12 in Unarmed Combat
  7433 | D:9      | Reached XP level 10. HP: 90/91 MP: 9/9
  7454 | D:9      | Noticed a cyan ugly thing
  7560 | D:9      | Reached skill level 10 in Fighting
  7581 | D:9      | Killed a cyan ugly thing
  7581 | D:9      | Reached skill level 3 in Shields
  7581 | D:9      | Reached skill level 1 in Invocations
  7638 | D:9      | Reached ** piety under Makhleb
  7796 | D:9      | Found a blossoming altar of Fedhas.
  7847 | D:9      | Reached skill level 2 in Invocations
  7850 | D:9      | Reached skill level 4 in Shields
  8077 | D:9      | Reached skill level 3 in Invocations
  8119 | D:9      | Reached skill level 5 in Shields
  8153 | D:10     | Entered Level 10 of the Dungeon
  8332 | D:10     | Noticed a two-headed ogre
  8340 | D:10     | Killed a two-headed ogre
  8340 | D:10     | Reached skill level 4 in Invocations
  8369 | D:10     | Noticed a two-headed ogre
  8374 | D:10     | Killed a two-headed ogre
  8374 | D:10     | Reached skill level 11 in Fighting
  8374 | D:10     | Reached skill level 6 in Shields
  8374 | D:10     | Reached XP level 11. HP: 102/102 MP: 13/13
  8495 | D:10     | Noticed a two-headed ogre
  8499 | D:10     | Noticed a sea snake
  8499 | D:10     | a two-headed ogre changed into a sea snake
  8506 | D:10     | Killed a sea snake
  8506 | D:10     | Reached skill level 5 in Invocations
  8608 | D:10     | Reached skill level 7 in Shields
  8663 | D:10     | Got a brightly glowing sapphire amulet
  8700 | D:10     | Reached *** piety under Makhleb
  9350 | D:11     | Noticed a purple ugly thing
  9362 | D:11     | Killed a purple ugly thing
  9362 | D:11     | Reached skill level 8 in Shields
  9362 | D:11     | Reached skill level 6 in Invocations
  9419 | D:11     | Reached **** piety under Makhleb
  9570 | D:11     | Found a runed gate.
  9631 | D:11     | Reached XP level 12. HP: 111/112 MP: 16/16
  9651 | D:11     | Reached skill level 12 in Fighting
  9658 | D:11     | Reached skill level 9 in Shields
  9658 | D:11     | Reached skill level 7 in Invocations
  9924 | D:11     | Reached ***** piety under Makhleb
 10021 | D:11     | Found a staircase to the Lair.
 10101 | D:11     | Identified the amulet "Kashajor" {*Corrode rElec rC- rN+++
                  | Regen+} (You found it on level 10 of the Dungeon)
 10156 | D:11     | Found Ficzih's Gadget Emporium.
 10227 | D:11     | Found a runed gate.
 10227 | D:11     | Noticed Rohain's ghost (novice DrCj)
 10228 | D:11     | Found a roughly hewn altar of Beogh.
 10228 | D:11     | Found a runed gate.
 10228 | D:11     | Identified the cursed +0 war axe "Ghoul's Death" {chop,
                  | *Noise rC+++ rN+++ Int-4}
 10468 | D:11     | Killed Rohain's ghost
 10721 | D:11     | Got a heavily runed leather armour
 10725 | D:11     | Got a polished helmet
 10736 | D:11     | Identified the -5 helmet of the Past {Int+4} (You found it
                  | on level 11 of the Dungeon)
 10870 | D:11     | Reached skill level 10 in Shields
 10870 | D:11     | Reached skill level 8 in Invocations
 10942 | Lair:1   | Entered Level 1 of the Lair of Beasts
 11029 | Lair:1   | Found a runed door.
 11426 | Lair:1   | Noticed SkeletonJelly's ghost (novice TrMo)
 12182 | Lair:2   | Noticed a seven-headed hydra
 12184 | Lair:2   | Reached XP level 13. HP: 119/119 MP: 18/18
 12192 | Lair:2   | Reached skill level 13 in Fighting
 12192 | Lair:2   | Reached skill level 11 in Shields
 12192 | Lair:2   | Reached skill level 9 in Invocations
 12309 | Lair:2   | Found a staircase to the Swamp.
 12882 | Lair:3   | Noticed Fannar
 12907 | Lair:3   | Killed Fannar
 13357 | Lair:3   | Found a hole to the Spider Nest.
 14042 | Lair:4   | Noticed Kirke
 14105 | Lair:3   | Reached ****** piety under Makhleb
 14127 | Lair:4   | Noticed Nergalle
 14144 | Lair:3   | HP: 27/122 [wolf (2)]
 14146 | Lair:3   | HP: 11/122 [wolf (8)]
 14148 | Lair:3   | HP: 5/122 [bullfrog (2)]
 14149 | Lair:3   | HP: 1/122 [wolf (4)]
 14153 | Lair:3   | Reached skill level 12 in Shields
 14750 | Lair:2   | Reached skill level 10 in Invocations
 14955 | Lair:3   | Killed Kirke
 15118 | Lair:4   | You fall through a shaft!
 15192 | Lair:4   | Noticed Urug
 15217 | Lair:4   | Killed Urug
 15474 | Lair:4   | Reached XP level 14. HP: 130/130 MP: 20/20
 15626 | Lair:4   | Killed Nergalle
 15626 | Lair:4   | Reached skill level 14 in Fighting
 17011 | Lair:5   | Noticed an entropy weaver
 17032 | Lair:5   | Killed an entropy weaver
 17055 | Lair:5   | Reached skill level 13 in Shields
 17237 | Lair:5   | Noticed an entropy weaver
 17258 | Lair:5   | HP: 22/132 [death yak (16)]
 17263 | Lair:5   | HP: 16/132 [worker ant (2)]
 17755 | Lair:5   | Reached skill level 11 in Invocations
 17783 | Lair:5   | Noticed Sonja
 17786 | Lair:5   | Killed Sonja
 18093 | Lair:5   | Killed an entropy weaver
 18659 | Lair:6   | Entered Level 6 of the Lair of Beasts
 19297 | Lair:6   | Got a fabulously ornate robe
 19714 | Lair:6   | Reached skill level 14 in Shields
 19956 | Lair:6   | Got a coiled steel amulet
 19960 | Lair:6   | Got a transparent glaive
 20098 | Lair:6   | Identified the amulet "Qidoun" {Reflect rC+ SH+3} (You
                  | found it on level 6 of the Lair of Beasts)
 20168 | Lair:6   | Found a staircase to the Slime Pits.
 20240 | Lair:6   | Reached skill level 12 in Invocations
 20370 | Lair:5   | Reached XP level 15. HP: 129/139 MP: 23/23
 20407 | Lair:5   | Reached skill level 15 in Fighting
 20410 | Lair:5   | HP: 24/141 [death yak (4)]
 20678 | D:12     | Found a staircase to the Orcish Mines.
 20911 | D:12     | Got a slimy mace
 22476 | D:13     | Noticed Nessos
 22491 | D:13     | Killed Nessos
 22598 | D:13     | HP: 21/141 [two-headed ogre/+0 giant club (15)]
 22799 | D:13     | Found a gate to the Vaults.
 23013 | D:13     | Reached skill level 15 in Shields
 23313 | D:14     | Noticed a storm dragon
 23394 | D:14     | Found a transporter.
 23412 | D:14     | Found a transporter.
 23726 | D:14     | Reached skill level 3 in Armour
 23815 | D:14     | Reached skill level 13 in Invocations
 24152 | Orc:1    | Entered Level 1 of the Orcish Mines
 24361 | Orc:1    | Noticed Erica
 24374 | Orc:1    | Killed Erica
 24379 | Orc:1    | Found a flagged portal.
 24461 | Bailey   | Entered a bailey
 24763 | Bailey   | Noticed an orc warlord
 24790 | Bailey   | Killed an orc warlord
 24847 | Bailey   | Reached skill level 4 in Armour
 24865 | Bailey   | Found the ring of the Mage {Wiz MR++ Int+3}
 25258 | Orc:2    | Entered Level 2 of the Orcish Mines
 25258 | Orc:2    | Found Innumnez's Assorted Antiques.
 25266 | Orc:2    | Noticed Erolcha
 25268 | Orc:2    | Found Gyipibla's Distillery.
 25326 | Orc:2    | Found Heungurosyrr's Assorted Antiques.
 25374 | Orc:1    | Reached XP level 16. HP: 83/151 MP: 24/24
 25389 | Orc:2    | Reached skill level 16 in Fighting
 25390 | Orc:2    | Noticed Rupert
 25402 | Orc:1    | HP: 33/151 [ogre/+0 giant club (10)]
 25403 | Orc:1    | HP: 14/151 [two-headed ogre/+0 giant club (9)]
 25404 | Orc:1    | Slain by an ogre

Vault maps used:
D:1:      dpeg_arrival_lava_temple_mockup
D:2:      yredelemnul_altar_generic, chequers_ecumenical_altar_island
D:3:      minmay_recursive_quarters, minmay_pentomino_pile, uniq_terence,
          uniq_jessica
D:4:      minmay_clustersquares
D:5:      first_ration
D:6:      temple_hall_moat, kennysheep_potato
D:8:      basic_altar, uniq_harold
D:9:      serial_park, serial_park_square2, grunt_livestock,
          fedhas_altar_decomposition
D:10:     minmay_distorted_concentric_squares, kennysheep_big_empty_room
D:11:     due_lair_maze_entry_diamond, biasface_ghost_orc_armoury, serial_shops,
          shop, serial_undead, serial_undead_b, serial_undead_a,
          serial_undead_d, serial_undead_e, minivault_5
D:12:     david_orc_2, serial_ice, serial_ice_i, serial_ice_h, serial_ice_c,
          serial_ice_o
D:13:     david_vaults_4, uniq_nessos
D:14:     gammafunk_the_bubble, grunt_tough_drop
Temple:   grunt_wide_crystal_templ
Lair:1:   ebering_ghost_reflecting_pool
Lair:2:   palyth_hydra_swamp_entry, chequers_serial_rivers_room_b, st_stairs_12,
          guppyfry_lair_drakes, lemuel_fruit_fields
Lair:3:   nicolae_spider_entry_orb_guardian, uniq_fannar
Lair:4:   grunt_megastairs_2, uniq_kirke, uniq_urug, uniq_nergalle
Lair:5:   pond_and_an_island_with_a_cottage, zaba_anthell, uniq_sonja
Lair:6:   gammafunk_lair_ancient_temple, dpeg_slime_entry_corner,
          serial_bayou_shore_a
Orc:1:    enter_bailey_6, nicolae_orc_rockfall, uniq_erica
Orc:2:    st_orc_open, serial_shops, bzr_entry_gold, uniq_rupert, uniq_erolcha,
          uniq_donald
Bailey:   bailey_axe_minmay_hex_keep, bailey

Skill      XL: |  1  2  3  4  5  6  7  8  9 10 11 12 13 14 15 16 |
---------------+-------------------------------------------------+-----
Unarmed Combat | 3 4 5 6 8 10 12 | 12.8
Fighting       | 4 5 6 7 9 11 12 13 14 15 16 | 16.0
Shields        | 6 8 10 12 14 15 | 15.0
Invocations    | 4 6 8 10 12 13 | 13.0
Armour         | 4 |  4.3

Action                   |  1- 3 |  4- 6 |  7- 9 | 10-12 | 13-15 | 16-18 || total
-------------------------+-------+-------+-------+-------+-------+-------++-------
Melee: Unarmed           |    88 |   255 |   394 |   932 |  2417 |    13 ||  4099
Throw: Tomahawk          |       |    21 |    86 |    15 |       |       ||   122
Invok: Lesser Servant of |       |       |       |       |    16 |       ||    16
       Major Destruction |       |       |       |       |    17 |       ||    17
       Minor Destruction |       |       |       |       |    14 |       ||    14
       Greater Servant o |       |       |       |       |     3 |       ||     3
Evoke: Wand              |       |       |       |    15 |     2 |       ||    17
  Use: Potion            |       |     1 |       |       |     2 |       ||     3
       Scroll            |       |       |     2 |    16 |    21 |       ||    39
  Eat: Chunk             |     4 |    15 |    35 |    59 |   140 |     8 ||   261
       Ration            |       |       |       |       |     1 |       ||     1
Armor: Scale mail        |    38 |   100 |    93 |       |       |       ||   231
       Chain mail        |       |       |    61 |   203 |       |       ||   264
       Plate armour      |       |       |       |   135 |  1122 |    29 ||  1286
Dodge: Dodged            |    17 |    45 |    66 |   126 |   393 |    20 ||   667
Block: Shield            |    32 |   105 |   164 |   378 |  1739 |    38 ||  2456

Table legend:
 A = Non-vault XP
 B = Vault XP
 C = Vault XP percentage of total XP
 D = Non-vault monster count
 E = Vault monster count
 F = Vault count percentage of total count
                 A         B        C        D         E       F
            +---------+---------+-------+---------+---------+-------
      Total |   79123 |   51243 |  39.3 |     527 |     280 |  34.7
            +---------+---------+-------+---------+---------+-------
        D:1 |      24 |       0 |   0.0 |      15 |       0 |   0.0
        D:2 |     254 |       0 |   0.0 |      38 |       0 |   0.0
        D:3 |     133 |     169 |  56.0 |      16 |      17 |  51.5
        D:4 |     258 |     200 |  43.7 |      21 |       5 |  19.2
        D:5 |     447 |       0 |   0.0 |      13 |       0 |   0.0
        D:6 |     911 |       2 |   0.2 |      30 |       1 |   3.2
        D:7 |     331 |       0 |   0.0 |      20 |       0 |   0.0
        D:8 |     656 |     987 |  60.1 |      10 |       1 |   9.1
        D:9 |    1861 |    1538 |  45.2 |      17 |      11 |  39.3
       D:10 |    5052 |    1532 |  23.3 |      31 |       7 |  18.4
       D:11 |    7633 |    3222 |  29.7 |      53 |      33 |  38.4
       D:12 |    5009 |    1730 |  25.7 |      37 |      15 |  28.8
       D:13 |    7559 |    4963 |  39.6 |      31 |       7 |  18.4
       D:14 |    8382 |       0 |   0.0 |      22 |       0 |   0.0
     Lair:1 |    2227 |       0 |   0.0 |      11 |       0 |   0.0
     Lair:2 |    5051 |    3293 |  39.5 |      19 |       9 |  32.1
     Lair:3 |   11099 |    3645 |  24.7 |      38 |       5 |  11.6
     Lair:4 |    2671 |    1995 |  42.8 |       8 |       4 |  33.3
     Lair:5 |    6372 |    8536 |  57.3 |      21 |      50 |  70.4
     Lair:6 |   10586 |    9400 |  47.0 |      31 |      29 |  48.3
      Orc:1 |    2136 |    2905 |  57.6 |      37 |       8 |  17.8
      Orc:2 |     471 |    2381 |  83.5 |       8 |       9 |  52.9
     Bailey |       0 |    4745 | 100.0 |       0 |      69 | 100.0
            +---------+---------+-------+---------+---------+-------

Vault maps used:
D:1:      dpeg_arrival_lava_temple_mockup
D:2:      yredelemnul_altar_generic, chequers_ecumenical_altar_island
D:3:      minmay_recursive_quarters, minmay_pentomino_pile, uniq_terence,
          uniq_jessica
D:4:      minmay_clustersquares
D:5:      first_ration
D:6:      temple_hall_moat, kennysheep_potato
D:8:      basic_altar, uniq_harold
D:9:      serial_park, serial_park_square2, grunt_livestock,
          fedhas_altar_decomposition
D:10:     minmay_distorted_concentric_squares, kennysheep_big_empty_room
D:11:     due_lair_maze_entry_diamond, biasface_ghost_orc_armoury, serial_shops,
          shop, serial_undead, serial_undead_b, serial_undead_a,
          serial_undead_d, serial_undead_e, minivault_5
D:12:     david_orc_2, serial_ice, serial_ice_i, serial_ice_h, serial_ice_c,
          serial_ice_o
D:13:     david_vaults_4, uniq_nessos
D:14:     gammafunk_the_bubble, grunt_tough_drop
Temple:   grunt_wide_crystal_templ
Lair:1:   ebering_ghost_reflecting_pool
Lair:2:   palyth_hydra_swamp_entry, chequers_serial_rivers_room_b, st_stairs_12,
          guppyfry_lair_drakes, lemuel_fruit_fields
Lair:3:   nicolae_spider_entry_orb_guardian, uniq_fannar
Lair:4:   grunt_megastairs_2, uniq_kirke, uniq_urug, uniq_nergalle
Lair:5:   pond_and_an_island_with_a_cottage, zaba_anthell, uniq_sonja
Lair:6:   gammafunk_lair_ancient_temple, dpeg_slime_entry_corner,
          serial_bayou_shore_a
Orc:1:    enter_bailey_6, nicolae_orc_rockfall, uniq_erica
Orc:2:    st_orc_open, serial_shops, bzr_entry_gold, uniq_rupert, uniq_erolcha,
          uniq_donald
Bailey:   bailey_axe_minmay_hex_keep, bailey

Table legend:
 A = Turns spent in this place as a percentage of turns spent in the entire game.
 B = Non-inter-level travel turns spent in this place as a percentage of non-inter-level travel turns spent in the entire game.
 C = Inter-level travel turns spent in this place as a percentage of turns spent in this place.
 D = Turns resting spent in this place as a percentage of non-inter-level travel turns spent in this place.
 E = Turns spent auto-exploring this place as a percentage of non-inter-level travel turns spent in this place.
 F = Non-inter-level travel turns spent in this place divided by the number of levels of this place that you've seen.
                   A       B       C       D       E      F
               +-------+-------+-------+-------+-------+----------------------
         Total | 100.0 | 100.0 |   4.3 |  18.5 |  50.9 | 1013.1
       Dungeon |  57.3 |  56.9 |   5.0 |  12.6 |  59.0 | 988.6
        Temple |   0.1 |   0.1 |  20.0 |   0.0 |  65.0 |  20.0
          Lair |  37.6 |  38.0 |   3.3 |  29.9 |  39.1 | 1541.8
  Orcish Mines |   3.1 |   3.1 |   6.2 |   0.0 |  55.1 | 372.0
        Bailey |   1.8 |   1.9 |   0.0 |   0.0 |  34.6 | 459.0
               +-------+-------+-------+-------+-------+----------------------

Table legend:
 A = Kills in this place as a percentage of kills in entire the game.
 B = Kills by you in this place as a percentage of kills by you in the entire game.
 C = Kills by friends in this place as a percentage of kills by friends in the entire game.
 D = Other kills in this place as a percentage of other kills in the entire game.
 E = Experience gained in this place as a percentage of experience gained in the entire game.
 F = Experience gained in this place divided by the number of levels of this place that you have seen.
                   A       B       C       D       E      F
               +-------+-------+-------+-------+-------+----------------------
         Total | 100.0 | 100.0 | 100.0 |   N/A | 100.0 | 5431.9
       Dungeon |  55.9 |  57.2 |   0.0 |   N/A |  40.5 | 3775.2
          Lair |  27.9 |  26.9 |  68.4 |   N/A |  49.8 | 10812.5
  Orcish Mines |   7.7 |   7.1 |  31.6 |   N/A |   6.1 | 3946.5
        Bailey |   8.6 |   8.8 |   0.0 |   N/A |   3.6 | 4745.0
               +-------+-------+-------+-------+-------+----------------------
